 Dungeon Crawl Stone Soup version 0.32-a0-407-g4da7c8d6d1 (webtiles) character file.

Game seed: 10148134392192248046

28471 seren the Slicer (level 12, -3/97 HPs)
             Began as a Coglin Artificer on Feb 19, 2024.
             Was a High Priest of Ru.
             Slain by a six-headed hydra (12 damage)
             ... on level 3 of the Lair of Beasts on Feb 20, 2024.
             The game lasted 00:54:29 (18140 turns).

seren the Slicer (Coglin Artificer)                Turns: 18140, Time: 00:54:29

Health: -3/97      AC: 19    Str: 12    XL:     12   Next: 39%
Magic:  12/12      EV:  9    Int: 12    God:    Ru [*****.]
Gold:   973        SH:  0    Dex: 19    Spells: 11/11 levels left

rFire   + . .        p - +2 short sword (venom) {Kiyoto}
rCold   . . .        a - +0 rapier {Necuametl}
rNeg    + . .        A - +2 scale mail {rN+}
rPois   .            l - +0 helmet
rElec   .            (no cloak)
rCorr   .            i - +0 pair of gloves
SInv    .            c - +1 pair of boots
Will    .....        G - amulet of the acrobat
Stlth   +            P - ring of protection from fire
HPRegen 0.36/turn    M - +4 ring of protection
MPRegen 0.13/turn

%: acrobat
@: mighty, immotile, studying Short Blades, revving
A: hated by all, reduced EV 1, inexperienced 1, no forms, off-hand wielding,
slow wielding, warmup strikes, legs shutdown
a: Renounce Religion, Draw Out Power, Power Leap, Apocalypse


You were on level 3 of the Lair of Beasts.
You worshipped Ru.
Ru was extremely pleased with you.
You visited 3 branches of the dungeon, and saw 15 of its levels.
You also visited: Bailey.

You collected 973 gold pieces.

Inventory:

Hand Weapons
 a - a +0 rapier (offhand) {Necuametl}
 p - a +2 short sword of venom (weapon) {Kiyoto}
 F - a +1 falchion of holy wrath
 H - a +5 long sword {Kendra}
Missiles
 n - 6 boomerangs (quivered)
 s - 4 javelins
 w - 7 curare-tipped darts
 x - 2 throwing nets {!f}
 y - 26 poisoned darts
Armour
 c - a +1 pair of boots (worn)
 i - a +0 pair of gloves (worn)
 l - a +0 helmet (worn)
 A - a +2 scale mail of positive energy (worn)
Jewellery
 G - an amulet of the acrobat (around neck)
 M - a +4 ring of protection (right grasper)
 P - a ring of protection from fire (left grasper)
 Y - a ring of flight
 Z - a ring of willpower
Wands
 d - a wand of charming (11)
 e - a wand of iceblast (24)
 m - a wand of flame (21)
 z - a wand of paralysis (11)
 S - a wand of light (6)
 U - a wand of mindburst (7)
Scrolls
 b - 2 scrolls of fog {unknown}
 j - a scroll of identify
 k - 2 scrolls of blinking {!r}
 o - 2 scrolls of enchant armour
 t - a scroll of enchant weapon {unknown}
 v - a scroll of revelation {unknown}
 B - a scroll of fear {unknown}
 E - 2 scrolls of poison
 I - 3 scrolls of teleportation {!r}
 O - a scroll of summoning {unknown}
 R - 2 scrolls of noise {unknown}
Potions
 f - 2 potions of mutation {!q}
 g - 5 potions of curing
 h - 3 potions of resistance
 r - a potion of brilliance
 C - a potion of cancellation {unknown}
 K - a potion of heal wounds
 L - a potion of ambrosia {unknown}
 Q - a potion of lignification
 W - a potion of degeneration {unknown}
 X - a potion of might


   Skills:
 + Level 10.2 Fighting
 + Level 12.3(12.4) Short Blades
 + Level 1.6(8.8) Long Blades
 + Level 9.4 Armour
 + Level 9.2 Dodging
 + Level 2.0 Stealth
 + Level 12.3 Evocations


You had 11 spell levels left.
You didn't know any spells.
Your spell library contained the following spells:

 Spells                   Type           Power      Damage    Failure   Level
 Magic Dart               Conj           0%         1d3       77%         1
 Sting                    Conj/Alch      0%         1d3       77%         1
 Lesser Beckoning         Tloc           0%         N/A       88%         2
 Mercury Vapours          Alch/Air       0%         N/A       88%         2
 Searing Ray              Conj           0%         2d4       88%         2
 Gell's Gravitas          Tloc           0%         N/A       98%         3
 Teleport Other           Tloc           0%         N/A       98%         3
 Fulminant Prism          Conj/Alch      0%         3d5       100%        4
 Olgreb's Toxic Radiance  Alch           0%         N/A       100%        4
 Iskenderun's Battlesphe  Conj           0%         2d6       100%        5
 Lee's Rapid Deconstruct  Erth           0%         3d4*      100%        5
 Bombard                  Conj/Erth      0%         9d1       100%        6
 Animate Armour           Summ/Erth      Unusable   N/A       N/A         4
 Summon Lightning Spire   Summ/Air       Unusable   N/A       N/A         4
 Spellforged Servitor     Conj/Summ      Unusable   N/A       N/A         7

Dungeon Overview and Level Annotations

Branches:
Dungeon (11/15)            Temple (1/1) D:6            Lair (3/5) D:11
  Snake (0/4) Lair:2          Orc (0/2) D:10         Bailey (visited)
  Swamp: Lair:2-3    Shoals: Lair:2-3

Altars:
Ashenzari
Cheibriados
Dithmenos
Elyvilon
Gozag
Kikubaaqudgha
Makhleb
Nemelex Xobeh
Okawaru
Qazlal
Ru
Sif Muna
Trog
Uskayaw
Vehumet
Wu Jian
Xom
Zin
The Shining One

Shops:
D:5 :   D:6 [

Annotations:
Lair:2 exclusions: door and 1 more exclusion


Innate Abilities, Weirdness & Mutations

You are hated by all.
You have somewhat slow reflexes. (EV -5)
You are somewhat inexperienced. (-1 XL)
You cannot voluntarily change form.
You can wield a second weapon in your off-hand.
It takes a long time for you to wield or remove held weapons.
Your first few attacks do less damage.
Attacking and casting redirects power from your legs.


Message History

The six-headed hydra bites you.
* * * LOW HITPOINT WARNING * * *
The six-headed hydra bites you.
* * * LOW HITPOINT WARNING * * *
You puncture the six-headed hydra with your +2 short sword of venom!
The six-headed hydra is lightly wounded.
You puncture the six-headed hydra with your +0 rapier!
You puncture the six-headed hydra with your +0 rapier!
The six-headed hydra is moderately wounded.
You puncture the six-headed hydra with your +2 short sword of venom!
The six-headed hydra closely misses you.
The six-headed hydra bites you.
* * * LOW HITPOINT WARNING * * *
The six-headed hydra bites you but does no damage.
The six-headed hydra bites you.
* * * LOW HITPOINT WARNING * * *
The six-headed hydra bites you but does no damage.
The six-headed hydra closely misses you.
You hit the six-headed hydra with your +2 short sword of venom.
The six-headed hydra is heavily wounded.
You puncture the six-headed hydra with your +0 rapier!
You feel much better.
You are no longer unable to travel.
The six-headed hydra bites you!
* * * LOW HITPOINT WARNING * * *
The six-headed hydra bites you!
* * * LOW HITPOINT WARNING * * *
The six-headed hydra closely misses you.
The six-headed hydra bites you!
* * * LOW HITPOINT WARNING * * *
The six-headed hydra barely misses you.
The six-headed hydra bites you but does no damage.
Aiming: Paralyse
Press: ? - help, Shift-Dir - straight line, f - six-headed hydra
Aim: a six-headed hydra (severely wounded, softly glowing, chance to affect: 40%)
The six-headed hydra resists with some effort.
The six-headed hydra bites you but does no damage. x3
The six-headed hydra bites you!
You die...
Ru respects your ultimate sacrifice.

....## #....######.#......#.# ###
.....# #...<...............####..
.....###.........................
..#.#.##.........................
##...............................
##..............................
#.....................^........
#.............D................
###.....#.##.###@..............†.
.##.....### ###...............###
........#### ####.....#.####..# #
........P..###.#..#.........#.###
............................#.†)#
+#............>...P.........#....
##..........................#..#.
##.........................######
.#.........................#≈≈≈≈≈


You could see a six-headed hydra (corona).

Vanquished Creatures
  A hydra (Lair:1)
  2 boulder beetles (D:11)
  A two-headed ogre (D:10)
  Nergalle (D:10)
  2 orc knights (Bailey)
  A manticore (D:11)
  A merfolk siren (Lair:2)
  A cyclops (D:10)
  2 black mambas (Lair:3)
  4 cane toads
  7 komodo dragons
  3 rime drakes
  Prince Ribbit (D:8)
  3 blink frogs (Lair:1)
  3 slime creatures (D:10)
  A vampire (D:8)
  A shadow (D:10)
  2 basilisks
  3 wyverns
  61 yaks
  A wraith (D:10)
  2 steam dragons (D:7)
  4 vampire mosquitoes
  5 water moccasins
  14 orc warriors
  A sky beast (D:6)
  An ice beast (D:7)
  2 black bears
  5 wolves (Lair:1)
  2 ogres (D:4)
  4 centaurs
  A phantom (D:5)
  2 kobold brigands (D:7)
  12 bullfrogs
  2 scorpions
  11 wights
  A killer bee (D:7)
  A howler monkey (D:6)
  5 electric eels
  5 hounds
  4 quasits (D:5)
  4 jellies
  6 orc priests
  Ijyb (D:5)
  2 hell rats (D:11)
  A sleepcap (D:6)
  24 iguanas
  10 orc wizards
  7 gnolls
  11 adders
  8 shadow imps
  4 white imps
  8 ufetubi
  3 dart slugs
  5 ribbon worms
  55 orcs
  7 endoplasms
  2 giant cockroaches
  12 goblins
  13 hobgoblins
  5 quokkas
  4 bats
  15 frilled lizards
  19 kobolds
  4 rats
416 creatures vanquished.

Vanquished Creatures (others)
  A skyshark (Lair:2)
  A wight (D:8)
2 creatures vanquished.

Grand Total: 418 creatures vanquished

Notes
Turn   | Place    | Note
-------+----------+-------------------------------------------
     0 | D:1      | seren the Coglin Artificer began the quest for the Orb.
     0 | D:1      | Reached XP level 1. HP: 15/15 MP: 1/1
   101 | D:1      | Reached skill level 1 in Dodging
   111 | D:1      | Reached skill level 1 in Stealth
   160 | D:1      | Reached XP level 2. HP: 21/21 MP: 2/2
   519 | D:1      | Reached XP level 3. HP: 21/26 MP: 3/3
  1044 | D:2      | Reached skill level 1 in Short Blades
  1044 | D:2      | Reached XP level 4. HP: 32/33 MP: 4/4
  1999 | D:3      | Reached XP level 5. HP: 21/38 MP: 5/5
  2446 | D:3      | You fall into a shaft and drop 1 floor!
  2466 | D:4      | Noticed an ogre
  2469 | D:4      | Killed an ogre
  2470 | D:4      | Reached skill level 5 in Evocations
  2470 | D:4      | Reached XP level 6. HP: 46/46 MP: 6/6
  2519 | D:4      | Found a radiant altar of Vehumet.
  3417 | D:4      | Reached XP level 7. HP: 37/51 MP: 7/7
  4138 | D:5      | Entered Level 5 of the Dungeon
  4317 | D:5      | Reached XP level 8. HP: 56/58 MP: 8/8
  4372 | D:5      | Noticed Ijyb
  4382 | D:5      | Killed Ijyb
  4817 | D:5      | Found Nuolaiz's Tiny Tomes.
  5279 | D:5      | Reached skill level 5 in Short Blades
  5323 | D:5      | Found a burning altar of Makhleb.
  5652 | D:6      | Found Liyruts's Antique Armour Shoppe.
  6021 | D:6      | Reached XP level 9. HP: 19/66 MP: 9/9
  6331 | D:6      | Found a staircase to the Ecumenical Temple.
  6340 | Temple   | Entered the Ecumenical Temple
  6366 | Temple   | Became a worshipper of Ru the Awakened
  6813 | D:7      | Identified the +2 hand axe of Deicw {pain, Fly rF+ Will+
                  | Str-4}
  6867 | D:7      | Found a flagged portal.
  7118 | Bailey   | Entered a bailey
  7176 | Bailey   | Reached skill level 5 in Fighting
  7445 | Bailey   | Noticed an orc knight
  7468 | Bailey   | Killed an orc knight
  7469 | Bailey   | Reached skill level 5 in Armour
  7679 | Bailey   | Noticed an orc knight
  7685 | Bailey   | Killed an orc knight
  7686 | Bailey   | Reached skill level 5 in Dodging
  7686 | Bailey   | Reached XP level 10. HP: 76/76 MP: 10/10
  7821 | Bailey   | Acquired a manual of Short Blades
  7897 | Bailey   | Found the +13 scythe of Curses {drain, curses, ^Drain}
  8126 | Bailey   | Found an iron altar of Okawaru.
  8126 | Bailey   | Noticed a kobold demonologist
  8126 | Bailey   | Noticed an orc high priest
  8242 | D:7      | Gained mutation: You are hated by all. [Ru sacrifice]
  8242 | D:7      | Reached * piety under Ru
  8242 | D:7      | Reached ** piety under Ru
  8960 | D:8      | Found a bloodstained altar of Trog.
  8960 | D:8      | Noticed Prince Ribbit
  9273 | D:8      | Killed Prince Ribbit
 10295 | D:9      | Reached skill level 10 in Short Blades
 10302 | D:9      | Reached XP level 11. HP: 68/83 MP: 11/11
 10329 | D:9      | Found an ornate altar of the Wu Jian Council.
 10360 | D:9      | Identified the +2 hand axe of Fear {flame, Int+2}
 10869 | D:10     | Entered Level 10 of the Dungeon
 10905 | D:10     | Noticed a two-headed ogre
 10910 | D:10     | Killed a two-headed ogre
 11224 | D:10     | Noticed Nergalle
 11293 | D:10     | Upgraded the game from 0.32-a0-391-gce5c0aab1b to
                  | 0.32-a0-407-g4da7c8d6d1
 11302 | D:10     | Killed Nergalle
 11644 | D:10     | Gained mutation: You cannot voluntarily change form. [Ru
                  | sacrifice]
 11854 | D:10     | Reached skill level 10 in Evocations
 12142 | D:10     | Found a staircase to the Orcish Mines.
 12700 | D:10     | Reached XP level 12. HP: 63/92 MP: 12/12
 13093 | D:11     | Found a staircase to the Lair.
 13398 | D:11     | Noticed a boulder beetle
 13814 | D:11     | Killed a boulder beetle
 14064 | D:11     | Noticed a boulder beetle
 14080 | D:11     | Killed a boulder beetle
 14452 | Lair:1   | Entered Level 1 of the Lair of Beasts
 14491 | Lair:1   | Noticed a four-headed hydra
 14498 | Lair:1   | Killed a four-headed hydra
 14884 | Lair:1   | Gained mutation: You are somewhat inexperienced. (-1 XL)
                  | [Ru sacrifice]
 14884 | Lair:1   | Reached XP level 11. HP: 89/89 MP: 11/11
 14884 | Lair:1   | Reached *** piety under Ru
 15896 | Lair:2   | Reached XP level 12. HP: 82/97 MP: 12/12
 16298 | Lair:2   | Reached skill level 10 in Fighting
 16631 | Lair:2   | Found a staircase to the Snake Pit.
 17405 | Lair:3   | Reached skill level 1 in Long Blades
 17677 | Lair:3   | Gained mutation: You have somewhat slow reflexes. (EV -5)
                  | [Ru sacrifice]
 17677 | Lair:3   | Reached **** piety under Ru
 17677 | Lair:3   | Reached ***** piety under Ru
 18140 | Lair:3   | Slain by a six-headed hydra

Illustrated notes

Levels and vault maps discovered:
D:1:      matt_arrival_refuge, layout_basic, minmay_heptomino_d4
D:2:      layout_basic
D:3:      layout_basic, corexii_leaking_fountain, minmay_close_crescents
D:4:      layout_cave_pods, nicolae_vehumet_altar_sigil, minmay_misc_feat_roman,
          minmay_misc_feat_secret_circle, fountainhead, minmay_cut_off
D:5:      layout_basic, makhleb_blood_cavern_becter, serial_demonic,
          serial_demonic_a, serial_demonic_d, serial_demonic_f,
          serial_demonic_a, nicolae_shop_i_like_small_books_too,
          grunt_ministairs_13, uniq_ijyb
D:6:      layout_gridville, lemuel_temple_firewalk_b, serial_shops, shop,
          corexii_item_surrounded_by_moat
D:7:      cheibrodos_steamvent, layout_rooms, enter_bailey_8
D:8:      layout_basic, mainiacjoe_overflow_surrounded_room, grunt_ministairs_9,
          uniq_prince_ribbit1
D:9:      layout_rooms, kennysheep_little_box
D:10:     lemuel_reptile_caves, layout_irregular_city, david_orc_4,
          jiyva_altar_1, uniq_nergalle
D:11:     nzn_winding_woodlands_medium [nzn_winding_woodlands_5x5_default,
          nzn_winding_woodlands_5x15_river_crossing,
          nzn_winding_woodlands_5x5_cross, nzn_winding_woodlands_5x5_default,
          nzn_winding_woodlands_center_pierced_h,
          nzn_winding_woodlands_5x5_default, nzn_winding_woodlands_5x5_default,
          nzn_winding_woodlands_5x15_pool, nzn_winding_woodlands_5x5_default],
          layout_irregular_city, dpeg_lair_monsters
Temple:   nicolae_temple_two_arcs
Lair:1:   layout_concentric_octagons, beast_lair_carwin_5
Lair:2:   gammafunk_indiana_jones, layout_regular_city,
          elwin_shoals_entry_rooms, dummy_snake_entry,
          infiniplex_staircase_pool_2
Lair:3:   layout_chaotic_city, chequers_serial_rivers_room_a,
          lemuel_old_faithful, grunt_megastairs_5, uniq_kirke

Skill      XL: |  1  2  3  4  5  6  7  8  9 10 11 12 |
---------------+-------------------------------------+-----
Dodging        | 1 2 3 4 5 6 7 9 |  9.2
Stealth        | 1 2 |  2.0
Armour         | 2 3 4 5 6 9 8 |  9.4
Short Blades   | 1 2 3 4 5 7 10 12 | 12.3
Fighting       | 2 3 4 5 6 8 10 | 10.2
Evocations     | 5 6 7 8 9 12 11 | 12.3
Long Blades    | 1 |  1.6

Action                     |  1- 3 |  4- 6 |  7- 9 | 10-12 || total
---------------------------+-------+-------+-------+-------++-------
  Melee: Club              |    35 |       |       |       ||    35
         Dagger            |    49 |    62 |   389 |   766 ||  1266
         Short sword       |    40 |   178 |   386 |   241 ||   845
         Long sword        |       |       |       |   800 ||   800
         Rapier            |       |       |       |     3 ||     3
 Invoke: Sacrifice Love    |       |       |       |     1 ||     1
         Draw Out Power    |       |       |       |     1 ||     1
         Sacrifice Experie |       |       |       |     1 ||     1
         Sacrifice Forms   |       |       |       |     1 ||     1
         Sacrifice Health  |       |       |       |     1 ||     1
  Evoke: Wand              |       |     3 |     5 |    26 ||    34
    Use: Scroll            |       |     4 |     3 |    12 ||    19
         Potion            |       |       |     2 |    10 ||    12
   Stab: Sleeping          |     5 |       |       |       ||     5
         Paralysed         |       |       |     4 |     9 ||    13
         Invisible         |       |       |     3 |     1 ||     4
         Distracted        |       |       |       |     3 ||     3
 Armour: Chain mail        |    40 |    78 |   140 |       ||   258
         Leather armour    |     8 |       |       |       ||     8
         Scale mail        |       |       |   169 |   577 ||   746
  Dodge: Dodged            |    25 |    37 |   173 |   511 ||   746

Table legend: (Time is in decaauts)
 A = Elapsed time spent in this place.
 B = Non-inter-level travel time spent in this place.
 C = Inter-level travel time spent in this place.
 D = Time resting spent in this place.
 E = Time spent auto-exploring this place.
 F = Levels seen in this place.
 G = Mean time per level.
                   A        B        C        D        E       F      G
               +--------+--------+--------+--------+--------+-----+--------+
         Total |  18158 |  17310 |    848 |   4303 |   8385 |  16 | 1134.9 |
       Dungeon |  13506 |  12960 |    546 |   2893 |   6668 |  11 | 1227.8 |
        Temple |     35 |     35 |      0 |      0 |      0 |   1 |   35.0 |
          Lair |   3606 |   3304 |    302 |    816 |   1717 |   3 | 1202.0 |
        Bailey |   1009 |   1009 |      0 |    594 |      0 |   1 | 1009.0 |
               +--------+--------+--------+--------+--------+-----+--------+

Top non-repeatable levels by time:
    D:10: 2209 daAuts
  Lair:2: 1519 daAuts
     D:5: 1502 daAuts
  Lair:1: 1390 daAuts
     D:8: 1233 daAuts
     D:4: 1189 daAuts
     D:6: 1188 daAuts
     D:7: 1127 daAuts
     D:2: 1052 daAuts
     D:3: 1014 daAuts
     D:1: 1009 daAuts
  Bailey: 1009 daAuts
    D:11: 1006 daAuts
     D:9: 971 daAuts
  Lair:3: 696 daAuts
